 Dungeon Crawl Stone Soup version 0.31-a0-188-g5e087ee2ca (webtiles) character file.

Game seed: 1140015578112294960

324 pokeman the Magician (level 6, -1/34 HPs)
             Began as a Deep Elf Hedge Wizard on June 23, 2023.
             Killed by nerve-wracking pain
             ... invoked by Grinder
              (9 damage)
             ... on level 4 of the Dungeon.
             The game lasted 00:07:00 (3049 turns).

pokeman the Magician (Deep Elf Hedge Wizard)        Turns: 3049, Time: 00:07:01

Health: -1/34      AC:  5    Str:  7    XL:     6   Next: 23%
Magic:  3/17       EV: 13    Int: 21    God:
Gold:   148        SH:  5    Dex: 14    Spells: 10/18 levels left

rFire   . . .        f - +0 arbalest
rCold   . . .        (shield currently unavailable)
rNeg    . . .        b - +0 robe
rPois   .            c - +0 hat
rElec   .            (no cloak)
rCorr   .            j - +1 pair of gloves
SInv    .            q - +0 pair of boots
Will    .....        n - amulet of reflection
Stlth   ++           p - ring of wizardry
HPRegen 0.25/turn    (no ring)
MPRegen 0.15/turn

%: reflection, wizardry (x1)
@: on blink cooldown
A: no striking features
a: no special abilities


You were on level 4 of the Dungeon.
You visited 1 branch of the dungeon, and saw 4 of its levels.

You collected 148 gold pieces.

Inventory:

Hand Weapons
 a - a +0 dagger
 f - a +0 arbalest (weapon)
Armour
 b - a +0 robe (worn)
 c - a +0 hat (worn)
 j - a +1 pair of gloves (worn)
 q - a +0 pair of boots (worn)
Jewellery
 l - a ring of ice
 n - an amulet of reflection (around neck)
 p - a ring of wizardry (left hand)
Scrolls
 h - 2 scrolls of identify {unknown}
 i - a scroll of brand weapon {unknown}
 k - a scroll of poison {unknown}
 m - a scroll of noise {unknown}
 s - a scroll of fear {unknown}
 u - a scroll of silence {unknown}
Potions
 d - a potion of magic
 e - a potion of might {unknown}
 g - a potion of attraction {unknown}
 o - a potion of mutation {unknown}
 r - 2 potions of curing {unknown}
 t - a potion of haste {unknown}


   Skills:
 - Level 1.4 Fighting
 - Level 1.0 Armour
 - Level 3.0 Dodging
 - Level 3.0 Stealth
 - Level 6.9 Spellcasting
 + Level 3.1 Conjurations
 - Level 1.5 Summonings
 - Level 1.1 Translocations
 - Level 1.0 Air Magic
 - Level 1.0 Poison Magic


You had 10 spell levels left.
You knew the following spells:

 Your Spells              Type           Power      Damage    Failure   Level
a - Magic Dart            Conj           80%        1d7       1%          1
b - Mephitic Cloud        Conj/Pois/Air  14%        N/A       5%          3
c - Call Imp              Summ           26%        N/A       3%          2
d - Blink                 Tloc           22%        N/A       3%          2

Your spell library contained the following spells:

 Spells                   Type           Power      Damage    Failure   Level
 Slow                     Hex            28%        N/A       3%          1
 Cigotuvi's Dreadful Rot  Necr/Pois/Air  20%        N/A       4%          2
 Ensorcelled Hibernation  Hex/Ice        14%        N/A       6%          2
 Spider Form              Tmut/Pois      9%         N/A       9%          3
 Anguish                  Hex/Necr       3%         N/A       32%         4


Dungeon Overview and Level Annotations

Branches:
Dungeon (4/15)
 Temple: D:4-7

Altars:
Okawaru
Xom

Annotations:
D:4 Grinder


Message History

Fire: f) +0 arbalest
Press: ? - help, Q - select action, (/) - cycle Shift-Dir - straight line, f/p - Grinder
Aim: Grinder (severely wounded, 45% to hit)
You shoot a bolt. The bolt hits Grinder!
Grinder is almost dead.
Grinder gestures at you.
You suddenly lose the ability to move!
Grinder gestures at you.
You shrug off the repeated paralysis!
Grinder hits you.
You writhe in agony.
Grinder gestures at you.
You struggle to resist.
You can move again.
Unknown command.
Casting: Magic Dart (safe; 1% risk of failure)
Confirm with . or Enter, or press ? or * to list all spells.
Aiming: Magic Dart (safe; 1% risk of failure)
Press: ? - help, Shift-Dir - straight line, f/p - Grinder
Aim: Grinder (almost dead, 100% to hit)
The magic dart hits Grinder.
Grinder is almost dead.
Grinder hits you.
You writhe in agony.
* * * LOW HITPOINT WARNING * * *
Unknown command.
Casting: Magic Dart (safe; 1% risk of failure)
Confirm with . or Enter, or press ? or * to list all spells.
You blink.
Unknown command.
There are no items here.
Unknown command.
Casting: Blink (safe; 3% risk of failure)
Confirm with . or Enter, or press ? or * to list all spells.
Aiming: Magic Dart (safe; 1% risk of failure)
Press: ? - help, Shift-Dir - straight line, f/p - Grinder
Aim: Grinder (almost dead, 100% to hit)
The magic dart hits Grinder.
Grinder is almost dead.
Grinder gestures at you. Pain shoots through your body!
You die...

...............##..#...
#.#.#.#.#.#.#.###...?.
..................##...
#.#.#.#.#...#.##.## ##
......##.#...#....#
##....#.......>#...#
#.......##)..##.#...
#....##.##)...#.# ##
#....##.##.....@#
####........5...##
#.......<.....#
#.............#
#.............#
#.............#
#..............#
#.............##
###############


You could see Grinder.

Vanquished Creatures
  An ogre (D:4)
  A jelly (D:4)
  An orc priest (D:3)
  3 gnolls (D:3)
  3 adders
  An ufetubus (D:4)
  3 worms (D:2)
  2 dart slugs
  9 orcs
  9 endoplasms
  3 giant cockroaches
  4 goblins
  9 hobgoblins
  6 kobolds
  A quokka (D:3)
  9 ball pythons
  4 bats
  4 frilled lizards
  4 rats
77 creatures vanquished.

Vanquished Creatures (collateral kills)
  A sleepcap (D:4)
1 creature vanquished.

Grand Total: 78 creatures vanquished

Notes
Turn   | Place    | Note
-------+----------+-------------------------------------------
     0 | D:1      | pokeman the Deep Elf Hedge Wizard began the quest for the
                  | Orb.
     0 | D:1      | Reached XP level 1. HP: 10/10 MP: 7/7
   337 | D:1      | Reached XP level 2. HP: 15/15 MP: 1/9
   839 | D:1      | Reached skill level 5 in Spellcasting
  1122 | D:2      | Found an iron altar of Okawaru.
  1152 | D:2      | Reached XP level 3. HP: 19/20 MP: 11/11
  1156 | D:2      | Learned a level 3 spell: Mephitic Cloud
  1159 | D:2      | Learned a level 2 spell: Call Imp
  1162 | D:2      | Learned a level 2 spell: Blink
  1496 | D:2      | Reached skill level 1 in Fighting
  1496 | D:2      | Reached skill level 1 in Armour
  2353 | D:3      | Reached XP level 4. HP: 25/25 MP: 10/13
  2617 | D:3      | Found a shimmering altar of Xom.
  2761 | D:3      | Reached skill level 6 in Spellcasting
  2761 | D:3      | Reached XP level 5. HP: 20/29 MP: 13/15
  2925 | D:4      | Reached skill level 1 in Poison Magic
  3003 | D:4      | Noticed Grinder
  3003 | D:4      | Noticed an ogre
  3022 | D:4      | Reached skill level 1 in Air Magic
  3024 | D:4      | Paralysed by Grinder for 5 turns
  3032 | D:4      | Killed an ogre
  3032 | D:4      | Paralysed by Grinder for 4 turns
  3033 | D:4      | Reached XP level 6. HP: 20/34 MP: 11/17
  3044 | D:4      | Paralysed by Grinder for 3 turns
  3049 | D:4      | Killed from afar by Grinder

Illustrated notes

Levels and vault maps discovered:
D:1:      spicycebolla_arrival_risky_transporter, layout_loops_ring
D:2:      layout_basic, basic_altar, minmay_pentomino_v2
D:3:      layout_rooms, mainiacjoe_overflow_brackets,
          minmay_misc_feat_diagonals, chequers_serial_rivers_large_a
D:4:      layout_rooms, ashenzari_altar_1, minmay_temple_entry_mist,
          st_stairs_12, grunt_decor_cap, uniq_crazy_yiuf_cottage, uniq_grinder

Skill      XL: |  1  2  3  4  5 |
---------------+----------------+-----
Spellcasting   | 5 6 |  6.9
Fighting       | 1 |  1.4
Armour         | 1 |  1.0
Conjurations   | 2 3 |  3.1
Stealth        | 3 |  3.0
Dodging        | 3 |  3.0
Poison Magic   | 1 |  1.0
Air Magic      | 1 |  1.0
Summonings     | |  1.5
Translocations | |  1.1

Action                     |  1- 3 |  4- 6 || total
---------------------------+-------+-------++-------
  Melee: Dagger            |    22 |       ||    22
   Fire: Arbalest          |    34 |    57 ||    91
   Cast: Magic Dart        |    78 |    24 ||   102
         Blink             |     1 |     2 ||     3
         Mephitic Cloud    |       |     2 ||     2
         Call Imp          |       |     1 ||     1
 Armour: Robe              |    15 |     2 ||    17
  Dodge: Dodged            |    22 |     9 ||    31
  Block: Other             |     2 |     5 ||     7
         Reflection        |     1 |       ||     1

Table legend: (Time is in decaauts)
 A = Elapsed time spent in this place.
 B = Non-inter-level travel time spent in this place.
 C = Inter-level travel time spent in this place.
 D = Time resting spent in this place.
 E = Time spent auto-exploring this place.
 F = Levels seen in this place.
 G = Mean time per level.
                   A        B        C        D        E       F      G
               +--------+--------+--------+--------+--------+-----+--------+
         Total |   3139 |   3063 |     76 |      0 |   2559 |   4 |  784.8 |
       Dungeon |   3139 |   3063 |     76 |      0 |   2559 |   4 |  784.8 |
               +--------+--------+--------+--------+--------+-----+--------+

Top non-repeatable levels by time:
     D:2: 1112 daAuts
     D:1: 1097 daAuts
     D:3: 729 daAuts
     D:4: 200 daAuts
